 Dungeon Crawl Stone Soup version 0.32-a0-876-gcfddb08e57 (webtiles) character file.

Game seed: 18189849411831024204

274375 DEFE the Evocator (level 20, -1/238 HPs)
             Began as a Coglin Fighter on Apr 1, 2024.
             Was an Initiate of Gozag.
             Shot with an arrow by a deep elf master archer (19 damage)
             ... in a wizard's laboratory.
             The game lasted 00:50:42 (42452 turns).

DEFE the Evocator (Coglin Fighter)                 Turns: 42452, Time: 00:50:42

Health: -1/238     AC: 47    Str: 21    XL:     20   Next: 31%
Magic:  29/29      EV: 11    Int:  9    God:    Gozag
Gold:   1643       SH:  0    Dex: 16    Spells: 19/19 levels left

rFire   . . .        b - +1 broad axe (flame) {Tlalli}
rCold   . . .        V - +2 war axe (flame) {Karl}
rNeg    + + +        u - +15 Maxwell's patent armour {-Cast -Tele rElec Will+ rCorr}
rPois   +            c - +3 helmet of the Moon {rN+++ Will++ Dex+3 Stlth-}
rElec   +            J - +1 cloak of Starlight {*Dazzle EV+4 Stlth--}
rCorr   +            I - +2 pair of gloves {Stlth+}
SInv    .            a - +1 pair of boots of the Enchanted Forest {rPois Will+ MP+9 Str-4}
Will    +++++        (amulet unavailable) Stlth
                     (ring unavailable)
HPRegen 1.39/turn    (ring unavailable)
MPRegen 0.61/turn    L
                       - NW-50 megagenerator {Will+ Regen+ RegenMP+ Slay+3}

%: no teleportation, no spellcasting
@: mighty, berserking (expiring), gold aura, invisible, revved, very quick
A: off-hand wielding, slow wielding, warmup strikes, no jewellery
}: 2/15 runes: decaying, gossamer
a: Renounce Religion, Potion Petition, Call Merchant, Bribe Branch


You were in a wizard's laboratory.
You worshipped Gozag.
Gozag was most pleased with you.
You visited 7 branches of the dungeon, and saw 33 of its levels.
You also visited: Bailey, Gauntlet, Ice Cave and Wizlab.

You collected 13981 gold pieces.
You spent 2358 gold pieces at shops.
You paid 9980 gold pieces to Gozag.

Inventory:

Hand Weapons
 b - a +1 broad axe of flaming (weapon) {Tlalli}
 E - the +8 pair of quick blades "Gyre" and "Gimble" {protect}
   (You found it in a bailey)
 V - a +2 war axe of flaming (offhand) {Karl}
Missiles
 C - 6 throwing nets
 Z - 7 curare-tipped darts (quivered)
Armour
 a - the +1 pair of boots of the Enchanted Forest (worn) {rPois Will+ MP+9 Str-4}
   (You bought it in a shop on level 1 of the Lair of Beasts)

   Str-4:     It affects your strength (-4).
   rPois:     It protects you from poison.
   Will+:     It increases your willpower.
   MP+9:      It affects your magic capacity (+9).
 c - the +3 helmet of the Moon (worn) {rN+++ Will++ Dex+3 Stlth-}
   (You found it in a Gauntlet)

   Dex+3:     It affects your dexterity (+3).
   rN+++:     It renders you almost immune to negative energy.
   Will++:    It greatly increases your willpower.
   Stlth-:    It makes you less stealthy.
 u - the +15 Maxwell's patent armour (worn) {-Cast -Tele rElec Will+ rCorr}
   (You found it on level 6 of the Dungeon)

   rElec:     It insulates you from electricity.
   Will+:     It increases your willpower.
   -Cast:     It prevents spellcasting.
   -Tele:     It prevents most forms of teleportation.
   rCorr:     It protects you from acid and corrosion.
 A - the +2 helmet "Hokhonli" {+Blink rF++ Str+3}
   (You acquired it on level 3 of the Swamp)

   Str+3:     It affects your strength (+3).
   rF++:      It greatly protects you from fire.
   +Blink:    It lets you blink.
 I - a +2 pair of gloves of stealth (worn)
 J - the +1 cloak of Starlight (worn) {*Dazzle EV+4 Stlth--}
   (You bought it in a shop on level 2 of the Orcish Mines)

   *Dazzle:   It may blind those who miss an attack against the wearer in melee
   combat.
   EV+4:      It affects your evasion (+4).
   Stlth--:   It makes you much less stealthy.
 P - a +1 pair of boots of flying
Gizmo
 L - a NW-50 megagenerator (installed) {Will+ Regen+ RegenMP+ Slay+3}
   (You invented it yourself on level 5 of the Lair of Beasts)

   [NW-50 megagenerator]

   Slay+3:    It affects your accuracy & damage with ranged weapons and melee
   (+3).
   Will+:     It increases your willpower.
   Regen+:    It increases your rate of health regeneration.
   RegenMP+:  It increases your rate of magic regeneration.
Wands
 l - a wand of flame (56)
 m - a wand of iceblast (22)
 t - a wand of charming (27)
 v - a wand of digging (4)
 F - a wand of polymorph (3)
 K - a wand of mindburst (17)
 Y - a wand of light (16)
Scrolls
 e - 9 scrolls of poison
 f - 8 scrolls of enchant weapon
 g - 19 scrolls of teleportation
 j - 3 scrolls of torment
 n - a scroll of revelation
 q - 3 scrolls of enchant armour
 x - 7 scrolls of identify
 y - 10 scrolls of fear
 B - 5 scrolls of amnesia
 N - a scroll of vulnerability
 Q - 4 scrolls of fog
 R - 5 scrolls of blinking
 S - 4 scrolls of immolation
 T - a scroll of silence
Potions
 d - 2 potions of might
 h - 9 potions of enlightenment
 i - 6 potions of cancellation
 k - 7 potions of ambrosia
 o - 10 potions of curing
 p - 10 potions of mutation
 r - 3 potions of haste
 s - 4 potions of invisibility
 G - 4 potions of attraction
 H - 3 potions of brilliance
 M - 6 potions of lignification
 O - 4 potions of magic
 W - 2 potions of resistance {unknown}
Miscellaneous
 w - a phantom mirror
 D - a condenser vane
 U - a box of beasts
 X - a phial of floods


   Skills:
 + Level 14.3 Fighting
 - Level 18.0 Axes
 + Level 18.5 Armour
 - Level 2.1 Shields
 + Level 25.9 Evocations


You had 19 spell levels left.
You didn't know any spells.
Your spell library contained the following spells:

 Spells                   Type           Power      Damage    Failure   Level
 Apportation              Tloc           0%         N/A       97%         1
 Kiss of Death            Conj/Necr      0%         2d5       97%         1
 Necrotise                Necr           0%         1d4       97%         1
 Sting                    Conj/Alch      0%         1d3       97%         1
 Summon Small Mammal      Summ           0%         N/A       97%         1
 Blink                    Tloc           0%         N/A       99%         2
 Cigotuvi's Dreadful Rot  Necr/Alch/Air  0%         N/A       99%         2
 Lesser Beckoning         Tloc           0%         N/A       99%         2
 Momentum Strike          Conj/Tloc      0%         3d8       99%         2
 Sublimation of Blood     Necr           0%         N/A       99%         2
 Confusing Touch          Hex            0%         N/A       100%        3
 Hailstorm                Conj/Ice       0%         3d5       100%        3
 Inner Flame              Hex/Fire       0%         N/A       100%        3
 Teleport Other           Tloc           0%         N/A       100%        3
 Tukima's Dance           Hex            0%         N/A       100%        3
 Dimensional Bullseye     Hex/Tloc       0%         N/A       100%        4
 Dispel Undead            Necr           0%         3d6       100%        4
 Flame Wave               Conj/Fire      0%         2d4       100%        4
 Ignite Poison            Fire/Alch      0%         N/A       100%        4
 Iskenderun's Mystic Bla Conj/Tloc 0%             2d3        (+2d1     100%        4
 Maxwell's Portable Pile  Tloc           0%         2d(5-10)  100%        4
 Petrify                  Alch/Erth      0%         N/A       100%        4
 Sticky Flame             Fire/Alch      0%         2d4       100%        4
 Vhi's Electric Charge    Tloc/Air       0%         N/A       100%        4
 Arcjolt                  Conj/Air       0%         1d10      100%        5
 Borgnjor's Vile Clutch   Necr/Erth      0%         N/A       100%        5
 Freezing Cloud           Conj/Ice/Air   0%         6-21      100%        5
 Irradiate                Conj/Alch      0%         3d11      100%        5
 Iskenderun's Battlesphe  Conj           0%         2d6       100%        5
 Summon Forest            Summ/Tloc      0%         N/A       100%        5
 Bombard                  Conj/Erth      0%         9d1       100%        6
 Death Channel            Necr           0%         N/A       100%        6
 Dispersal                Tloc           0%         N/A       100%        6
 Eringya's Noxious Bog    Alch           0%         4d6       100%        6
 Gell's Gavotte           Tloc           0%         2d(11-16) 100%        6
 Sculpt Simulacrum        Ice/Alch       0%         N/A       100%        6
 Ozocubu's Refrigeration  Ice            0%         4d7       100%        7
 Spellforged Servitor     Conj/Summ      0%         N/A       100%        7
 Summon Hydra             Summ           0%         N/A       100%        7
 Maxwell's Capacitive Co  Air            0%         ∞         100%        8
 Chain Lightning          Conj/Air       0%         N/A       100%        9
 Fire Storm               Conj/Fire      0%         5d1       100%        9
 Polar Vortex             Ice            0%         N/A       100%        9
 Shatter                  Erth           0%         3d5*      100%        9
 Animate Dead             Necr           Unusable   N/A       N/A         4

Dungeon Overview and Level Annotations

Branches:
Dungeon (15/15)            Temple (1/1) D:5            Lair (5/5) D:11
  Swamp (4/4) Lair:2       Spider (4/4) Lair:2        Slime (0/5) Lair:4
    Orc (2/2) D:10            Elf (0/3) Orc:2        Vaults (2/5) D:13
 Depths (0/4) D:15         Bailey (visited)           IceCv (visited)
 WizLab (1/1)             Gauntlet (visited)
  Crypt: Vaults:2-3

Altars:
Ashenzari
Cheibriados
Dithmenos
Elyvilon
Fedhas
Gozag
Hepliaklqana
Kikubaaqudgha
Makhleb
Nemelex Xobeh
Okawaru
Qazlal
Ru
Sif Muna
Trog
Uskayaw
Vehumet
Wu Jian
Xom
Yredelemnul
Zin
The Shining One
Beogh
Jiyva

Shops:
D:10 =   D:11 ((*   D:14 (   Orc:2 ?([*[   Lair:1 [*   Lair:4 [   Spider:3 [
Vaults:1 [(

Portals:
Abyss: Orc:2

Annotations:
D:3 1 runed translucent door, Crazy Yiuf
D:4 2 runed translucent doors
Orc:2 2 transporters, casual's ghost, journeyman DjAl WizLab exclusion: oklob plant


Innate Abilities, Weirdness & Mutations

You can wield a second weapon in your off-hand.
It takes a long time for you to wield or remove held weapons.
Your first few attacks do less damage.
You cannot equip rings or amulets.


Message History

You burn the hornet!
You kill the hornet!
The centaur warrior shouts!
The yaktaur is distracted by your dazzling golden aura.
You catch the helpless hornet completely off-guard!
You slice the hornet with your +1 broad axe of flaming!!
You burn the hornet.
The hornet is almost dead.
You closely miss the hornet with your +2 war axe of flaming.
The centaur warrior shouts!
The centaur warrior wields a +0 orcbow.
The centaur warrior shoots an arrow.
The arrow hits you but does no damage.
Unknown command.
You slash the hornet with your +1 broad axe of flaming!
You burn the hornet.
You kill the hornet!
The yaktaur is no longer distracted by gold.
A deep elf master archer comes into view.
The yaktaur wields a +0 arbalest.
The yaktaur shoots a bolt.
The bolt closely misses you.
The deep elf master archer shouts!
The centaur warrior shoots an arrow.
You see here 12 gold pieces.
Unknown command.
You feel a strong urge to attack something.
The deep elf master archer shouts!
The yaktaur shoots a bolt.
The bolt barely misses you.
The deep elf master archer shoots an arrow.
The arrow closely misses you.
Unknown command.
You slash the yaktaur with your +1 broad axe of flaming!
You burn the yaktaur.
The yaktaur is moderately wounded.
You slash the yaktaur with your +2 war axe of flaming!
You burn the yaktaur.
The deep elf master archer shouts!
The deep elf master archer shoots an arrow.
The arrow hits you!!
You die...
Your body crumbles into a pile of gold.

♣♣♣♣ ♣♣♣♣♣÷...
♣♣♣....ee..
♣♣♣.........
♣♣........♣
♣♣.∩...$..♣
♣♣.$$..$.$♣♣
♣♣P.$♣..$$♣♣
♣PP.♣♣♣..@♣
♣...♣♣♣♣..c♣
♣♣...♣♣♣♣...♣
♣♣...♣♣♣♣...♣
♣♣♣...♣♣♣♣...♣
♣♣)..∩...♣♣....♣
♣♣.........♣♣♣....
♣|...♣⌠♣...|♣ ♣...
♣♣........÷♣♣


You could see 2 deep elf master archers and a yaktaur (unable to see you).

Vanquished Creatures
  Arachne (Spider:2)
  A deep elf master archer (WizLab)
  A sphinx (Vaults:1)
  3 thorn hunters
  Agnes (Spider:1)
  Donald (Spider:4)
  Kirke (D:13)
  3 fenstrider witches (WizLab)
  Roxanne (Spider:2)
  A frost giant (IceCv)
  2 ghost moths (Spider:4)
  Louise (Swamp:4)
  3 emperor scorpions
  2 orc warlords
  6 vault wardens
  2 ironbound preservers
  3 broodmothers
  A formless jellyfish (Vaults:1)
  3 ironbound thunderhulks
  A deep elf death mage (Vaults:1)
  6 eleionomae
  Nessos (D:13)
  7 dire elephants (Vaults:1)
  3 bunyips
  A minotaur (Gauntlet)
  2 spark wasps
  A crystal guardian (Vaults:2)
  6 entropy weavers
  5 shambling mangroves
  A yaktaur captain (Vaults:2)
  An ice dragon (Swamp:4)
  5 vault guards
  23 hydras
  Erolcha (D:12)
  16 centaur warriors
  7 jorogumos
  2 death knights
  3 ghost crabs
  6 two-headed ogres
  A peacekeeper (Vaults:2)
  7 alligators
  A merfolk avatar (Lair:5)
  4 radroaches
  6 death yaks (IceCv)
  A sphinx skeleton (D:15)
  A death scarab (Spider:4)
  3 ironbound frosthearts
  7 boulder beetles
  2 satyrs (WizLab)
  A vampire mage (D:15)
  9 demonic crawlers
  A deep troll earth mage (Vaults:1)
  An orc high priest (Orc:1)
  A naga sharpshooter (WizLab)
  Nergalle (Lair:1)
  Sonja (D:12)
  2 storm dragon zombies (D:15)
  3 skeletal warriors
  11 pharaoh ants
  A titan skeleton (Vaults:1)
  A death drake (Gauntlet)
  4 goliath frogs
  3 spriggan druids
  3 arcanists
  11 bog bodies
  9 swamp dragons
  9 ironbound convokers
  12 orb spiders
  A sea snake (Lair:5)
  7 deep trolls
  2 sun moths
  9 steelbarb worms
  A phantasmal warrior (D:14)
  9 orc knights
  An obsidian bat (Orc:1)
  3 lindwurms
  2 harpies (Lair:5)
  2 deep elf pyromancers
  24 wolf spiders
  4 fauns (WizLab)
  10 ugly things
  4 orc sorcerers
  9 cyclopes
  2 human zombies (Vaults:1)
  2 necromancers
  5 manticores
  3 will-o-the-wisps
  A kobold blastminer (Orc:2)
  2 spectral centaurs (Gauntlet)
  An elephant (Lair:5)
  5 black mambas
  3 moths of wrath
  8 meliai
  11 vault sentinels
  A centaur zombie (Gauntlet)
  A human skeleton (Vaults:1)
  4 torpor snails
  A gargoyle (D:11)
  Jeremiah (Lair:1)
  25 yaktaurs
  17 cane toads
  An unseen horror (D:11)
  10 rime drakes
  3 kobold demonologists
  An efreet (D:15)
  4 freezing wraiths
  12 komodo dragons
  A harpy zombie (Gauntlet)
  A troll (shapeshifter) (D:12)
  A bloated husk (Swamp:4)
  9 polar bears
  6 trolls
  A yaktaur skeleton (Vaults:1)
  4 saltlings (Orc:2)
  2 snapping turtles (Lair:5)
  6 tyrant leeches
  14 hornets
  32 tarantellas
  5 blink frogs (Lair:2)
  34 jumping spiders
  24 slime creatures
  3 vampires
  18 culicivoras
  7 spriggans
  A culicivora (shapeshifter) (D:15)
  2 shadows
  3 wraiths
  3 water elementals
  3 wyverns
  36 yaks
  2 steam dragons (Lair:5)
  A human (D:13)
  3 basilisks
  2 hogs (D:13)
  A death yak simulacrum (Orc:1)
  4 vampire mosquitoes
  44 redbacks
  4 wargs
  18 swamp worms
  4 acid dragons
  14 water moccasins
  3 sky beasts
  9 swamp drakes
  Duvessa (D:7)
  5 ice beasts
  25 orc warriors
  6 ogres
  25 wolves
  3 black bears
  15 centaurs
  5 kobold brigands
  2 phantoms
  10 gnoll sergeants
  12 bullfrogs
  3 two-headed ogre simulacra (Orc:1)
  2 earth elementals (Swamp:4)
  4 scorpions
  3 cane toad simulacra (Orc:1)
  9 wights
  Dowan (D:7)
  12 killer bees (D:9)
  12 howler monkeys
  6 electric eels
  A quasit (D:6)
  5 hounds
  3 bombardier beetles
  11 orc priests
  5 gnoll boudas
  A jelly (D:6)
  9 hell rats
  Natasha (thrice) (D:4)
  6 iguanas
  20 orc wizards
  Terence (D:3)
  A troll simulacrum (Orc:1)
  Robin (D:4)
  34 gnolls
  11 adders
  A shadow imp (Gauntlet)
  3 white imps (Gauntlet)
  A dart slug (D:2)
  A ribbon worm (D:4)
  71 orcs
  9 ball pythons
  6 endoplasms
  4 giant cockroaches
  7 hobgoblins
  3 quokkas
  8 bats
  3 frilled lizards
  15 goblins
  A hobgoblin zombie (D:6)
  23 kobolds
  2 kobold skeletons (D:6)
  A kobold zombie (D:6)
  An orc skeleton (D:6)
  An orc zombie (D:6)
  7 rats
  A spectral weapon (Spider:1)
1231 creatures vanquished.

Vanquished Creatures (collateral kills)
  Jorgrun (D:12)
  Frances (Swamp:1)
  An eleionoma (Swamp:1)
  A hydra (Lair:1)
  A death knight (D:15)
  An orc high priest (Orc:2)
  A goliath frog (Swamp:1)
  An orc knight (Orc:2)
  A tengu conjurer (D:13)
  A troll (Orc:2)
  A jumping spider (Lair:2)
  A vampire (D:9)
  A swamp worm (Swamp:1)
  3 orc warriors
  2 wolves (Bailey)
  2 gnoll sergeants (Bailey)
  A wight (D:9)
  A howler monkey (D:9)
  A bombardier beetle (D:7)
  4 gnoll boudas
  An orc priest (Orc:2)
  6 gnolls
  2 orcs
36 creatures vanquished.

Vanquished Creatures (others)
  A thorn hunter (WizLab)
  A centaur warrior (D:13)
  An ugly thing (D:9)
  A freezing wraith (D:15)
  A yaktaur (D:13)
  6 bloated husks
  A troll (D:12)
  3 humans (D:13)
  A wraith (D:15)
  A redback (Lair:2)
  A water moccasin (D:7)
  An orc warrior (Orc:2)
  2 wolves (Bailey)
  2 gnoll sergeants (Bailey)
  An earth elemental (Swamp:4)
  3 gnoll boudas (Bailey)
  An orc wizard (D:7)
  A hell rat (Lair:2)
  2 gnolls
  16 foxfires
47 creatures vanquished.

Grand Total: 1314 creatures vanquished

Notes
Turn   | Place    | Note
-------+----------+-------------------------------------------
     0 | D:1      | DEFE the Coglin Fighter began the quest for the Orb.
     0 | D:1      | Reached XP level 1. HP: 18/18 MP: 1/1
   112 | D:1      | Reached XP level 2. HP: 7/24 MP: 2/2
   539 | D:1      | Reached XP level 3. HP: 28/29 MP: 3/3
   885 | D:1      | Found a faded altar of an unknown god.
  1426 | D:2      | Reached XP level 4. HP: 34/35 MP: 4/4
  1989 | D:3      | Found a broken altar of Ashenzari.
  2286 | D:3      | Reached XP level 5. HP: 40/41 MP: 5/5
  2349 | D:3      | Reached skill level 5 in Axes
  2349 | D:3      | Reached skill level 1 in Evocations
  2635 | D:3      | Noticed Terence
  2641 | D:3      | Killed Terence
  2642 | D:3      | Reached skill level 2 in Evocations
  2917 | D:3      | Found a runed translucent door.
  2918 | D:3      | Noticed Crazy Yiuf
  3428 | D:4      | Found a large runed translucent door.
  3428 | D:4      | Found a large runed translucent door.
  3436 | D:4      | Found a shimmering altar of Xom.
  3450 | D:4      | Noticed Natasha
  3456 | D:4      | Killed Natasha
  3598 | D:4      | Reached skill level 3 in Evocations
  3598 | D:4      | Reached XP level 6. HP: 44/47 MP: 6/6
  3939 | D:4      | Reached skill level 4 in Evocations
  3945 | D:4      | Noticed Natasha
  3951 | D:4      | Killed Natasha
  3963 | D:4      | Noticed Robin
  3969 | D:4      | Reached XP level 7. HP: 23/51 MP: 7/7
  3969 | D:4      | Noticed Natasha
  3982 | D:4      | Killed Robin
  3988 | D:4      | Killed Natasha
  3989 | D:4      | Reached skill level 5 in Evocations
  4035 | D:4      | HP: 2/52 [poisoned by an adder]
  4449 | D:4      | Found a white marble altar of Elyvilon.
  4625 | D:5      | Entered Level 5 of the Dungeon
  4630 | D:5      | Found a staircase to the Ecumenical Temple.
  4668 | Temple   | Entered the Ecumenical Temple
  4772 | D:5      | Identified the +0 robe of Protective Custody {rC+ Regen+}
  4857 | D:5      | Reached skill level 6 in Evocations
  5089 | D:5      | Reached XP level 8. HP: 55/58 MP: 8/8
  5226 | D:5      | Reached skill level 7 in Evocations
  5775 | D:6      | Found the +15 Maxwell's patent armour {-Cast -Tele rElec
                  | Will+ rCorr}
  5834 | D:6      | Reached skill level 8 in Evocations
  5852 | D:6      | Found a glowing golden altar of the Shining One.
  6056 | D:6      | Reached XP level 9. HP: 57/63 MP: 9/9
  6124 | D:6      | Reached skill level 9 in Evocations
  6160 | D:6      | Found a hide-covered altar of Uskayaw.
  6438 | D:6      | Found a blossoming altar of Fedhas.
  6652 | D:7      | Noticed Dowan
  6653 | D:7      | Noticed Duvessa
  6663 | D:7      | Killed Duvessa
  6669 | D:7      | Killed Dowan
  6950 | D:7      | Found an opulent altar of Gozag.
  6954 | D:7      | Found a radiant altar of Vehumet.
  7002 | D:7      | Became a worshipper of Gozag Ym Sagoz the Greedy
  7585 | D:7      | Reached skill level 5 in Armour
  7585 | D:7      | Reached skill level 10 in Evocations
  8674 | D:8      | Reached XP level 10. HP: 65/70 MP: 10/10
  8760 | D:8      | Reached skill level 10 in Axes
  8760 | D:8      | Reached skill level 11 in Evocations
  8893 | D:8      | Found a bloodstained altar of Trog.
  8948 | D:8      | Found a stormy altar of Qazlal.
  9215 | D:8      | Found a shimmering altar of Xom.
  9846 | D:9      | Found a flagged portal.
  9947 | D:9      | Reached skill level 12 in Evocations
 10072 | Bailey   | Entered a bailey
 10624 | Bailey   | Found the +8 pair of quick blades "Gyre" and "Gimble"
                  | {protect}
 10944 | D:9      | Found an iron altar of Okawaru.
 11125 | D:9      | Noticed a kobold demonologist
 11126 | D:9      | Noticed a two-headed ogre
 11127 | D:9      | Noticed a kobold demonologist
 11130 | D:9      | Reached XP level 11. HP: 73/75 MP: 11/11
 11138 | D:9      | Killed a two-headed ogre
 11153 | D:9      | Noticed a sun demon
 11156 | D:9      | Reached skill level 13 in Evocations
 11162 | D:9      | Noticed a death knight
 11162 | D:9      | Noticed a cyan ugly thing
 11595 | D:9      | Killed a death knight
 11626 | D:9      | Noticed a two-headed ogre
 11632 | D:9      | Identified the +9 bardiche "Uqiomil" {elec, rN++ Stlth+}
 11659 | D:9      | Killed a two-headed ogre
 11765 | D:10     | Entered Level 10 of the Dungeon
 12224 | D:10     | Found Date's Jewellery Shoppe.
 12296 | D:10     | Identified the +0 pair of boots of the Kitsune {rF+}
 12444 | D:10     | Found a staircase to the Orcish Mines.
 12457 | D:10     | Found a roughly hewn altar of Beogh.
 13019 | D:10     | Identified the ring "Pysockask" {rCorr Str+3 Int+4}
 13155 | D:11     | Reached skill level 14 in Evocations
 13412 | D:11     | Found Subleph's Antique Weapon Boutique.
 13470 | D:11     | Reached XP level 12. HP: 79/81 MP: 12/12
 13503 | D:11     | Found a staircase to the Lair.
 13780 | D:11     | Found Meutig Urch's General Store.
 13790 | D:11     | Bought a scroll of identify for 28 gold pieces
 13790 | D:11     | Bought a potion of curing for 42 gold pieces
 13790 | D:11     | Bought a potion of haste for 140 gold pieces
 13790 | D:11     | Bought a scroll of identify for 28 gold pieces
 13790 | D:11     | Bought a wand of iceblast (2) for 67 gold pieces
 13839 | D:11     | Found Iqis's Weapon Emporium.
 14209 | D:11     | Bought a runed war axe for 162 gold pieces
 14258 | Lair:1   | Entered Level 1 of the Lair of Beasts
 14258 | Lair:1   | Noticed Nergalle
 14268 | Lair:1   | Killed Nergalle
 14452 | Lair:1   | Noticed Jeremiah
 14612 | Lair:1   | Killed Jeremiah
 14626 | Lair:1   | Reached skill level 15 in Evocations
 15315 | Lair:1   | Reached skill level 10 in Armour
 15396 | Lair:1   | Noticed a six-headed hydra
 15411 | Lair:1   | Killed an eight-headed hydra
 15965 | Lair:1   | Bought a pair of encrusted boots for 218 gold pieces
 15965 | Lair:1   | Identified the +1 pair of boots of the Enchanted Forest
                  | {rPois Will+ MP+9 Str-4} (You bought it in a shop on level
                  | 1 of the Lair of Beasts)
 15972 | Lair:1   | Bought a scroll of identify for 46 gold pieces
 15972 | Lair:1   | Bought a scroll labelled HEATTI TEKLEB for 23 gold pieces
 15974 | Lair:1   | Bought a yellow potion for 20 gold pieces
 15977 | Lair:1   | Bought a pair of embroidered boots for 247 gold pieces
 16360 | Lair:2   | Reached skill level 16 in Evocations
 16360 | Lair:2   | Reached XP level 13. HP: 59/86 MP: 13/13
 16884 | Lair:2   | Found a hole to the Spider Nest.
 17631 | Lair:2   | Found a staircase to the Swamp.
 18645 | Lair:3   | Identified the +1 quarterstaff of the End of Times {speed,
                  | rPois rF+++ Dex+2}
 18738 | Lair:3   | Got the Vellum of Liminal Snow
 19081 | Lair:3   | Reached skill level 17 in Evocations
 20218 | Lair:4   | Found a viscous altar of Jiyva.
 20218 | Lair:4   | Found a staircase to the Slime Pits.
 20757 | Lair:4   | Bought a glowing cloak for 262 gold pieces
 20766 | Lair:5   | Entered Level 5 of the Lair of Beasts
 21002 | Lair:5   | Reached XP level 14. HP: 62/93 MP: 14/14
 21078 | Lair:5   | Acquired a NW-50 megagenerator {Will+ Regen+ RegenMP+
                  | Slay+3}
 21440 | Lair:5   | Reached skill level 15 in Axes
 21540 | Lair:5   | Reached skill level 18 in Evocations
 22702 | D:12     | Noticed Erolcha
 22707 | D:12     | Killed Erolcha
 22752 | D:12     | Noticed Jorgrun
 22763 | D:12     | Killed Jorgrun
 22870 | D:12     | Noticed Sonja
 22893 | D:12     | Killed Sonja
 23410 | D:13     | Noticed Kirke
 23417 | D:13     | Killed Kirke
 23852 | D:13     | Noticed Nessos
 24490 | D:13     | Reached skill level 19 in Evocations
 24612 | D:13     | Killed Nessos
 24897 | D:13     | Reached XP level 15. HP: 61/98 MP: 15/15
 25008 | D:13     | Found a gate to the Vaults.
 25180 | D:14     | Found a gate leading to a gauntlet.
 25187 | Gauntlet | Entered a Gauntlet
 25187 | Gauntlet | Found a transporter.
 25196 | Gauntlet | Found a transporter.
 25217 | Gauntlet | Found a transporter.
 25217 | Gauntlet | Found a transporter.
 25238 | Gauntlet | Found a transporter.
 25251 | Gauntlet | Found a transporter.
 25262 | Gauntlet | Found a transporter.
 25295 | Gauntlet | Found a transporter.
 25295 | Gauntlet | Found a transporter.
 25300 | Gauntlet | Found a transporter.
 25327 | Gauntlet | Found a transporter.
 25328 | Gauntlet | Found a transporter.
 25428 | Gauntlet | Identified the +1 hat "Acuu" {Int+2}
 25536 | Gauntlet | Identified the +3 helmet of the Moon {rN+++ Will++ Dex+3
                  | Stlth-}
 26424 | D:14     | Bought a runed war axe for 201 gold pieces
 26432 | D:15     | Entered Level 15 of the Dungeon
 26621 | D:15     | Identified a scroll of acquirement
 26622 | D:15     | Acquired 467 gold pieces
 26795 | D:15     | Reached skill level 20 in Evocations
 27475 | D:15     | Found a staircase to the Depths.
 27915 | Orc:1    | Entered Level 1 of the Orcish Mines
 28040 | Orc:1    | Found a frozen archway.
 28075 | IceCv    | Entered an ice cave
 28441 | IceCv    | Noticed a frost giant
 28448 | IceCv    | Reached XP level 16. HP: 97/106 MP: 16/16
 28987 | Orc:2    | Entered Level 2 of the Orcish Mines
 29071 | Orc:2    | Found a transporter.
 29241 | Orc:2    | Found a transporter.
 29301 | Orc:2    | Found a staircase to the Elven Halls.
 29426 | Orc:2    | Found a roughly hewn altar of Beogh.
 29595 | Orc:2    | Reached skill level 5 in Fighting
 29595 | Orc:2    | Reached skill level 21 in Evocations
 29908 | Orc:2    | Found Ihatirao's Assorted Antiques.
 29914 | Orc:2    | Bought an orange potion for 27 gold pieces
 29928 | Orc:2    | Found Zetamox's Magic Scroll Shoppe.
 29983 | Orc:2    | Found a roughly hewn altar of Beogh.
 29984 | Orc:2    | Found Ilenuge's Weapon Shoppe.
 29994 | Orc:2    | Bought a scroll of identify for 32 gold pieces
 29994 | Orc:2    | Bought a scroll of teleportation for 48 gold pieces
 29994 | Orc:2    | Bought a scroll of identify for 32 gold pieces
 29994 | Orc:2    | Bought a scroll of fear for 64 gold pieces
 30304 | Orc:2    | Noticed casual's ghost (journeyman DjAl)
 30315 | Orc:2    | Found a one-way gate to the infinite horrors of the Abyss.
 30357 | Orc:2    | Found Eqawk's Antique Armour Shoppe.
 30498 | Orc:2    | Bought the +1 cloak of Starlight {*Dazzle EV+4 Stlth--} for
                  | 671 gold pieces
 30498 | Orc:2    | Found the +1 cloak of Starlight {*Dazzle EV+4 Stlth--}
 30740 | Spider:1 | Entered Level 1 of the Spider Nest
 31176 | Spider:1 | Noticed Agnes
 31185 | Spider:1 | Killed Agnes
 31186 | Spider:1 | Reached skill level 15 in Armour
 31729 | Spider:2 | Noticed Arachne
 31740 | Spider:2 | Killed Arachne
 31741 | Spider:2 | Reached XP level 17. HP: 73/120 MP: 17/17
 31930 | Spider:2 | Noticed Roxanne
 31982 | Spider:2 | Killed Roxanne
 32181 | Spider:2 | Reached skill level 22 in Evocations
 32896 | Spider:3 | Identified the +10 falchion of Moderation {venom, rF+
                  | rCorr}
 33066 | Spider:3 | Identified the +2 hand axe of the Rat {spect, Str+2}
 33857 | Spider:4 | Entered Level 4 of the Spider Nest
 34751 | Spider:4 | Reached skill level 23 in Evocations
 34860 | Spider:4 | Reached XP level 18. HP: 134/134 MP: 18/18
 34993 | Spider:3 | Reached skill level 10 in Fighting
 35790 | Spider:4 | Noticed Donald
 35808 | Spider:4 | Killed Donald
 36014 | Spider:4 | Got a gossamer rune of Zot
 36392 | Swamp:1  | Entered Level 1 of the Swamp
 36769 | Swamp:1  | Noticed Frances
 36779 | Swamp:1  | Killed Frances
 38172 | Swamp:3  | Acquired the +2 helmet "Hokhonli" {+Blink rF++ Str+3}
 38280 | Swamp:3  | Reached skill level 24 in Evocations
 38710 | Swamp:4  | Entered Level 4 of the Swamp
 39106 | Swamp:4  | Noticed Louise
 39115 | Swamp:4  | Reached XP level 19. HP: 123/146 MP: 19/19
 39121 | Swamp:4  | Killed Louise
 39913 | Swamp:4  | Got a decaying rune of Zot
 40299 | Vaults:1 | Entered Level 1 of the Vaults
 40873 | Vaults:1 | Reached skill level 25 in Evocations
 41317 | Vaults:1 | Identified the +7 chain mail of Pyxoic {Str+5}
 41920 | Vaults:2 | Found Weijiu's Assorted Antiques.
 41974 | Vaults:2 | Reached XP level 20. HP: 132/158 MP: 20/20
 42094 | Vaults:2 | Found a magical portal.
 42103 | WizLab   | Entered Eringya's Formal Garden
 42436 | WizLab   | HP: 1/159 [deep elf master archer/arrow (10)]
 42441 | WizLab   | HP: 10/238 [deep elf master archer/arrow (26)]
 42452 | WizLab   | Shot with an arrow by a deep elf master archer

Illustrated notes

Levels and vault maps discovered:
D:1:      eino_arrival_cavern_d, layout_basic, shapermc_ecumenical_altar_ellora
D:2:      layout_loops_ring
D:3:      wad_lake_hut, layout_basic, mainiacjoe_overflow_surrounded_room,
          minmay_randomly_rotated_circles, uniq_crazy_yiuf_cottage, uniq_terence
D:4:      due_chaos_kobolds, layout_rooms, old_standard_altar,
          mainiacjoe_sewer_entry_somewhere_in_here_2, roderic_lattice_a,
          minmay_misc_feat_five, uniq_robin, uniq_natasha
D:5:      layout_loops_ring, minmay_temple_entry_statues_fountains
D:6:      layout_basic, lemuel_round_altar, marbit_many_paths,
          nicolae_tso_besieged_by_evil,
          hangedman_abyss_or_decor_jellyfish_corner
D:7:      layout_loops_corners, jmf_multi_god_temple,
          pf_guarded_unrand_woodcutter, uniq_duvessa
D:8:      layout_loops_ring, nicolae_qazlal_style_of_elements,
          mainiacjoe_overflow_brackets, bloody_trog
D:9:      layout_rooms, kennysheep_okawaru_gauntlet, enter_bailey_2,
          minmay_pinched_square
D:10:     layout_irregular_city, minmay_orc_entry_temple_small, serial_shops,
          nicolae_shop_real_fake_doors, worms_lemuel
D:11:     layout_loops_cross, hellmonk_lair_entry_icy, serial_glass,
          glass_columns_b, glass_columns_a, serial_shops, shop, shop,
          nicolae_take_the_stairs, st_stairs_12
D:12:     layout_rooms, drop_trap, uniq_sonja, uniq_jorgrun, uniq_erolcha
D:13:     layout_rooms, grunt_vaults_entry_fortified, serial_rivers,
          chequers_serial_rivers_large_a, chequers_serial_rivers_marsh,
          chequers_serial_rivers_micro_b, chequers_serial_rivers_micro_d,
          chequers_serial_rivers_micro_b, uniq_kirke, uniq_nessos
D:14:     layout_roguey, chequers_jeans, gauntlet_entry_generic,
          lightli_minifort
D:15:     gammafunk_depths_entry_grave, layout_basic, minmay_door_square
Temple:   hellmonk_temple_of_storms
Lair:1:   cheibrodos_lair_river_kwai, layout_misc_corridors, st_stairs_3,
          uniq_jeremiah, uniq_nergalle
Lair:2:   layout_concentric_octagons, nicolae_swamp_entry_splash_gauntlet,
          nicolae_spider_entry_tight_spaces, grunt_forest_stairs_basic,
          lemuel_fruit_tree
Lair:3:   layout_gridlike, beast_lair_carwin_11, lemuel_fruit_fields,
          serial_bayou_shore_b, serial_bayou_shore_b, serial_bayou_shore_b
Lair:4:   layout_cave_shapes, dpeg_slime_entry_corner, serial_bayou_pond_c,
          grunt_megastairs_1
Lair:5:   gammafunk_lair_ancient_temple, layout_big_grid
Swamp:1:  layout_falls_marsh, evilmike_swamp_ruin_house_4, swamp_pool_1_2,
          nicolae_swamp_decorative_isthmus, uniq_frances
Swamp:2:  layout_basic_swamp, evilmike_swamp_ruin_house_3, swamp_pool_1_2
Swamp:3:  layout_basic_swamp, evilmike_swamp_ruin_rubble_2
Swamp:4:  swamp, layout_basic_swamp, swamp_pool_3, nzn_swamp_blast_mining,
          uniq_louise
Spider:1: layout_spider_delve, nicolae_spider_twisty_arc_passages, uniq_agnes
Spider:2: layout_spider_delve, uniq_arachne, uniq_roxanne
Spider:3: layout_spider_delve
Spider:4: hellmonk_spider_rune_bug_friends, uniq_donald
Orc:1:    layout_diamond_mine, portal_ice_cave_entry_ice_simulacra
Orc:2:    hellmonk_orc_salted, layout_diamond_mine,
          gammafunk_ghost_abyssal_escape, basic_altar
Vaults:1: v_misc_28, hangedman_vaults_stagger, vaults_standard_mumra_x,
          serial_library_hellmonk_semicircle, vaults_room_hangedman_quadrants,
          nicolae_vaults_tetromino_Z_1, nicolae_vaults_network_quinsquares
          [nicolae_vaults_network_quincunx_subvault,
          nicolae_vaults_network_quincunx_subvault,
          nicolae_vaults_network_quincunx_subvault,
          nicolae_vaults_network_quincunx_subvault], hangedman_vaults_trim,
          ontoclasm_vaults_claustrophobia, nicolae_vaults_more_shelving_2,
          nicolae_vaults_trapezoid_layered, layout_vaults_omnicross
Vaults:2: mu_enter_wizlab_6, nicolae_vaults_network_quincunx
          [nicolae_vaults_network_quincunx_subvault,
          nicolae_vaults_network_quincunx_subvault,
          nicolae_vaults_network_quincunx_subvault,
          nicolae_vaults_network_quincunx_subvault,
          nicolae_vaults_network_quincunx_subvault],
          nicolae_vaults_storage_closets_3, ontoclasm_vaults_gateway,
          vaults_dpeg_emergency_exit, nicolae_vaults_network_star,
          nicolae_vaults_layer_cake_slice, nicolae_vaults_storage_closets_1,
          v_pattern_2, vaults_room_door_ring, nicolae_vaults_border_crossing,
          nicolae_vaults_hexular_roomagon, vaults_room_door_ring,
          nicolae_vaults_ring_of_whatevers, nicolae_vaults_storage_room_doors,
          special_room_vaults [special_room_orc], nicolae_vaults_shelves_hall,
          layout_vaults_maze, serial_shops, shop, uniq_mara, uniq_norris
WizLab:   wizlab_eringya

Skill      XL: |  1  2  3  4  5  6  7  8  9 10 11 12 13 14 15 16 17 18 19 20 |
---------------+-------------------------------------------------------------+-----
Axes           | 3 4 5 6 7 8 9 11 12 13 14 16 17 18 | 18.0
Evocations     | 3 4 6 8 10 12 14 16 17 19 20 21 23 24 25 | 25.9
Armour         | 3 5 7 9 10 11 13 14 15 16 17 18 | 18.5
Fighting       | 7 9 12 13 14 | 14.3
Shields        | |  2.1

Action                     |  1- 3 |  4- 6 |  7- 9 | 10-12 | 13-15 | 16-18 | 19-21 || total
---------------------------+-------+-------+-------+-------+-------+-------+-------++-------
  Melee: War axe           |    77 |   144 |   490 |  1032 |  1516 |  1034 |   490 ||  4783
         Whip              |       |       |       |       |     8 |       |       ||     8
         Flail             |       |       |       |       |     8 |       |       ||     8
         Broad axe         |       |       |       |       |   363 |  1043 |   509 ||  1915
  Throw: Throwing net      |       |       |       |     2 |       |     1 |       ||     3
         Dart              |       |       |       |     1 |     3 |     2 |       ||     6
 Invoke: Call Merchant     |       |       |       |     2 |     2 |     2 |     2 ||     8
         Potion Petition   |       |       |       |     1 |       |     2 |     1 ||     4
Ability: Invent Gizmo      |       |       |       |       |     1 |       |       ||     1
  Evoke: Wand              |       |       |     8 |    29 |    32 |     2 |       ||    71
         Condenser vane    |       |       |       |     1 |     3 |     3 |       ||     7
         Phantom mirror    |       |       |       |     1 |     2 |     1 |       ||     4
         Box of beasts     |       |       |       |       |     1 |     1 |       ||     2
    Use: Scroll            |       |     7 |     2 |     5 |     8 |     7 |     1 ||    30
         Potion            |       |       |     7 |     2 |     6 |     2 |     3 ||    20
   Stab: Distracted        |       |       |     1 |     6 |     5 |    17 |     5 ||    34
         Held in net/web   |       |       |       |     4 |       |       |       ||     4
         Invisible         |       |       |       |       |     3 |    46 |    24 ||    73
         Betrayed ally     |       |       |       |       |     1 |       |       ||     1
         Confused          |       |       |       |       |       |       |     3 ||     3
 Armour: Scale mail        |    56 |    21 |       |       |       |       |       ||    77
         Chain mail        |       |    78 |    88 |       |       |       |       ||   166
         Plate armour      |       |       |   257 |   734 |  1349 |  1184 |   685 ||  4209
  Dodge: Dodged            |    33 |    37 |    78 |   185 |   322 |   509 |   241 ||  1405
  Block: Buckler           |    22 |     3 |       |       |       |       |       ||    25

Table legend: (Time is in decaauts)
 A = Elapsed time spent in this place.
 B = Non-inter-level travel time spent in this place.
 C = Inter-level travel time spent in this place.
 D = Time resting spent in this place.
 E = Time spent auto-exploring this place.
 F = Levels seen in this place.
 G = Mean time per level.
                   A        B        C        D        E       F      G
               +--------+--------+--------+--------+--------+-----+--------+
         Total |  42101 |  40280 |   1821 |  11156 |  21554 |  37 | 1137.9 |
       Dungeon |  18591 |  17723 |    868 |   4644 |   9964 |  15 | 1239.4 |
        Temple |      3 |      3 |      0 |      0 |      0 |   1 |    3.0 |
          Lair |   8405 |   7937 |    468 |   3361 |   3439 |   5 | 1681.0 |
         Swamp |   3899 |   3729 |    170 |    985 |   2003 |   4 |  974.8 |
   Spider Nest |   5392 |   5244 |    148 |   1194 |   3003 |   4 | 1348.0 |
  Orcish Mines |   1868 |   1758 |    110 |    267 |   1081 |   2 |  934.0 |
        Vaults |   1706 |   1651 |     55 |     48 |   1114 |   2 |  853.0 |
        Bailey |    780 |    780 |      0 |    320 |    233 |   1 |  780.0 |
      Ice Cave |    709 |    709 |      0 |    198 |    385 |   1 |  709.0 |
        Wizlab |    325 |    325 |      0 |     67 |    146 |   1 |  325.0 |
      Gauntlet |    419 |    419 |      0 |     69 |    185 |   1 |  419.0 |
               +--------+--------+--------+--------+--------+-----+--------+

Top non-repeatable levels by time:
  Lair:2: 2153 daAuts
     D:7: 2091 daAuts
    D:13: 1783 daAuts
  Lair:5: 1772 daAuts
Spider:3: 1749 daAuts
  Lair:1: 1739 daAuts
     D:3: 1661 daAuts
Spider:4: 1587 daAuts
  Lair:3: 1531 daAuts
Vaults:1: 1472 daAuts
     D:8: 1391 daAuts
    D:10: 1391 daAuts
   Orc:2: 1388 daAuts
    D:11: 1350 daAuts
 Swamp:4: 1325 daAuts
